 Dungeon Crawl Stone Soup version 0.29-a0-575-g0dc89cf053 (webtiles) character file.

Game seed: 14139874344475472238

24380 porpoise the Spear-Bearer (level 13, 0/77 HPs)
             Began as a Tengu Gladiator on June 13, 2022.
             Was an Elder of Hepliaklqana.
             Slain by a komodo dragon (15 damage)
             ... on level 6 of the Lair of Beasts.
             The game lasted 01:08:11 (14294 turns).

porpoise the Spear-Bearer (Tengu Gladiator)        Turns: 14294, Time: 01:08:12

Health: 0/77       AC: 11    Str: 23    XL:     13   Next: 12%
Magic:  21/21      EV: 18    Int:  9    God:    Hepliaklqana [****..]
Gold:   577        SH:  0    Dex: 18    Spells: 13/22 levels left

rFire   . . .      SeeInvis .   a - +7 demon trident (drain)
rCold   . . .      Faith    .   (no shield)
rNeg    . . .      Spirit   .   K - +0 acid dragon scales
rPois   +          Reflect  .   c - +0 hat
rElec   .          Harm     .   j - +0 cloak {rPois}
rCorr   +          Rampage  .   m - +1 pair of gloves
Will    +....                   (boots unavailable)
Stlth   ++........              D - amulet of regeneration
HPRegen 1.02/turn               I - +6 ring of strength
MPRegen 0.17/turn               A - ring of willpower

@: flying quickly and evasively, quick
A: reduced essence, beak, talons 3, nimble flight
a: Renounce Religion, Recall Ancestor, Ancestor Identity, Transference, Idealise


You were on level 6 of the Lair of Beasts.
You worshipped Hepliaklqana.
Hepliaklqana was greatly pleased with you.
You visited 3 branches of the dungeon, and saw 16 of its levels.

You collected 912 gold pieces.
You spent 335 gold pieces at shops.

Inventory:

Hand Weapons
 a - a +7 demon trident of draining (weapon)
 b - the +5 shortbow of Ocsouhes {flame, rElec rCorr}
   (You found it on level 6 of the Lair of Beasts)

   Any ammunition fired from it burns those it strikes, dealing additional fire
   damage.
   rElec:     It insulates you from electricity.
   rCorr:     It protects you from acid and corrosion.
 E - a +0 shortbow of freezing
Missiles
 e - 3 poisoned darts
 n - 5 curare-tipped darts
 z - 2 atropa-tipped darts
Armour
 c - a +0 hat (worn)
 j - a +0 cloak of poison resistance (worn)
 m - a +1 pair of gloves (worn)
 K - +0 acid dragon scales (worn)
Jewellery
 v - a ring of magical power
 A - a ring of willpower (right hand)
 B - a ring of see invisible
 D - an amulet of regeneration (around neck)
 I - a +6 ring of strength (left hand)
 S - a ring of fire
Wands
 p - a wand of charming (5)
 u - a wand of flame (11)
 C - a wand of acid (8)
 F - a wand of paralysis (16)
Scrolls
 d - a scroll of fear
 f - 2 scrolls of summoning
 g - 6 scrolls of fog
 h - a scroll of magic mapping
 k - 5 scrolls of teleportation
 l - a scroll of brand weapon
 r - a scroll of enchant weapon {unknown}
 y - a scroll of poison
 H - 2 scrolls of vulnerability
Potions
 i - 2 potions of cancellation {unknown}
 o - 4 potions of ambrosia
 q - 6 potions of attraction
 s - a potion of might
 t - 5 potions of curing
 w - a potion of magic
 x - a potion of mutation
 J - 4 potions of lignification


   Skills:
 - Level 12.0 Fighting
 + Level 12.4 Polearms
 - Level 4.4(4.6) Slings
 - Level 10.0 Bows
 - Level 2.0(3.4) Throwing
 - Level 7.0 Armour
 - Level 7.0 Dodging
 - Level 3.8 Stealth
 - Level 5.0 Spellcasting
 + Level 0.7 Poison Magic
 + Level 0.6 Invocations


You had 13 spell levels left.
You knew the following spells:

 Your Spells              Type           Power      Damage    Failure   Level
i - Ignite Poison         Fire/Tmut/Pois 2%         N/A       63%         3
k - Blink                 Tloc           4%         N/A       41%         2
o - Olgreb's Toxic Radia  Pois           3%         N/A       92%         4

Your spell library contained the following spells:

 Spells                   Type           Power      Damage    Failure   Level
 Sting                    Tmut/Pois      8%         1d3       26%         1
 Magic Dart               Conj           8%         1d3       30%         1
 Sandblast                Erth           4%         2d4       30%         1
 Poisonous Vapours        Pois/Air       4%         N/A       36%         2
 Call Imp                 Summ           2%         N/A       41%         2
 Passwall                 Tmut/Erth      1%         N/A       41%         2
 Mephitic Cloud           Conj/Pois/Air  2%         N/A       63%         3
 Lesser Beckoning         Tloc           2%         N/A       65%         3
 Ozocubu's Armour         Ice            2%         N/A       65%         3
 Stone Arrow              Conj/Erth      4%         3d7       65%         3
 Leda's Liquefaction      Hex/Erth       1%         N/A       96%         4
 Passage of Golubria      Tloc           2%         N/A       96%         4
 Summon Lightning Spire   Summ/Air       2%         N/A       96%         4
 Freezing Cloud           Conj/Ice/Air   1%         6-21      100%        5
 Lee's Rapid Deconstruct  Erth           1%         3d5*      100%        5
 Manifold Assault         Tloc           2%         N/A       100%        5
 Silence                  Hex/Air        1%         N/A       100%        5
 Conjure Ball Lightning   Conj/Air       1%         3x3d6     100%        6
 Statue Form              Tmut/Erth      1%         N/A       100%        6
 Ozocubu's Refrigeration  Ice            1%         4d5       100%        7
 Storm Form               Tmut/Air       1%         N/A       100%        7
 Discord                  Hex            1%         N/A       100%        8
 Disjunction              Tloc           1%         N/A       100%        8
 Lehudib's Crystal Spear  Conj/Erth      1%         10d2      100%        8
 Maxwell's Capacitive Co  Air            1%         ∞         100%        8


Dungeon Overview and Level Annotations

Branches:
Dungeon (10/15)            Temple (1/1) D:6            Lair (6/6) D:8
 Shoals (0/4) Lair:2
  Snake: Lair:2-4    Spider: Lair:2-4     Slime: Lair:5-6       Orc: D:9-12

Altars:
Ashenzari
Cheibriados
Dithmenos
Elyvilon
Fedhas
Gozag
Hepliaklqana
Kikubaaqudgha
Makhleb
Nemelex Xobeh
Okawaru
Qazlal
Ru
Sif Muna
Trog
Uskayaw
Vehumet
Wu Jian
Xom
Yredelemnul
Zin
The Shining One

Shops:
D:6 !   D:8 :(

Annotations:
D:5 3 runed translucent doors, DocClef's ghost, weakling GnDe
D:7 exclusions: door and 8 more exclusions
D:10 1 runed translucent door, NateTC's ghost, journeyman MiFi
Lair:3 1 runed translucent door, avis's ghost, journeyman DgHu


Innate Abilities, Weirdness & Mutations

Your life essence is reduced to manifest your ancestor. (-10% HP)
You have a beak for a mouth.
You have claws for feet.
Your magical nature lets you fly swiftly and evasively.


Message History

The blink frog barely misses Nikki.
You impale the blink frog!!
You kill the blink frog!
Nikki misses the blink frog.
Nikki blocks the blink frog's attack.
Adjust to which letter? (? for menu, Esc to quit)
b - the +5 shortbow of Ocsouhes {flame, rElec rCorr}
E - a +0 shortbow of freezing The +5 shortbow of Ocsouhes {flame, rElec rCorr} bursts into flame!
b - the +5 shortbow of Ocsouhes (weapon)
{flame, rElec rCorr} Nikki barely misses the blink frog.
You shoot an arrow. The arrow barely misses the blink frog.
The arrow hits the komodo dragon.
The arrow burns the komodo dragon.
The komodo dragon is lightly wounded.
Nikki blocks the blink frog's attack.
The blink frog blinks!
The blink frog hits Nikki but does no damage.
Nikki hits the blink frog with a +0 flail!
You shoot an arrow. The arrow hits the komodo dragon.
The arrow burns the komodo dragon.
The komodo dragon is moderately wounded.
The blink frog hits Nikki!
Nikki hits the blink frog with a +0 flail!
You shoot an arrow.
The arrow barely misses the komodo dragon.
The blink frog hits Nikki.
The komodo dragon bites you!!
Nikki hits the blink frog with a +0 flail!
The blink frog dies!
The +5 shortbow of Ocsouhes {flame, rElec rCorr} stops flaming.
You sense an unholy aura.
a - a +7 demon trident of draining (weapon)
The blink frog blinks!
You hit the komodo dragon but do no damage.
You claw the komodo dragon.
The komodo dragon is heavily wounded.
The komodo dragon bites you!!
* * * LOW HITPOINT WARNING * * *
The blink frog blinks!
You puncture the komodo dragon! You claw the komodo dragon.
The komodo dragon is severely wounded.
The blink frog blinks!
The komodo dragon bites you!
You die...

.#....
####.....#### ## .
##.#.........##P#..
#...P..............
#.........F.......
#................!
#................
#................
##..@lR.........
##.†...........
#...§.......<..
#§.............
#...$.P#...#P..
#.#.....##......
#........# ######
##......P#


You could see the friendly Nikki the knight, a komodo dragon (ally target) and a
blink frog.

Vanquished Creatures
  2 hydras
  A two-headed ogre (D:10)
  2 death yaks (Lair:3)
  An orc sorcerer (D:10)
  A cyclops (D:10)
  A torpor snail (Lair:3)
  3 cane toads
  2 komodo dragons
  A rime drake (Lair:3)
  3 kobold demonologists (D:10)
  A polar bear (Lair:2)
  2 trolls (D:10)
  4 blink frogs
  4 water elementals (D:10)
  A wraith (D:10)
  24 yaks
  A basilisk (Lair:1)
  A wyvern (Lair:3)
  4 steam dragons
  5 wargs (D:10)
  An acid dragon (D:9)
  Duvessa (D:7)
  A hell hound (D:10)
  5 water moccasins
  A sky beast (D:7)
  9 orc warriors
  An ogre (D:5)
  8 wolves
  4 centaurs
  A phantom (D:5)
  4 kobold brigands
  5 bullfrogs
  2 scorpions
  A necrophage (D:7)
  8 gnoll sergeants
  15 wights
  Dowan (D:7)
  5 howler monkeys
  6 orc priests (D:10)
  2 gnoll shamans (D:10)
  3 hounds
  A jelly (D:5)
  4 iguanas
  7 orc wizards
  3 hell rats (Lair:3)
  9 gnolls
  6 adders
  2 white imps (D:7)
  2 worms
  A dart slug (D:2)
  23 orcs
  5 bats
  6 endoplasms
  3 giant cockroaches (D:2)
  7 goblins
  8 hobgoblins
  11 jackals
  4 quokkas
  5 ball pythons
  6 frilled lizards
  17 kobolds
  6 rats
284 creatures vanquished.

Vanquished Creatures (collateral kills)
  A hydra (Lair:2)
  A two-headed ogre (D:10)
  A black mamba (Lair:3)
  2 cane toads
  A kobold demonologist (D:10)
  A komodo dragon (D:8)
  2 blink frogs
  A golden eye (shapeshifter) (D:10)
  4 yaks
  2 wargs (D:10)
  A water moccasin (Lair:3)
  A hell hound (D:10)
  2 wolves
  A kobold brigand (D:10)
  A bullfrog (Lair:2)
  A scorpion (Lair:3)
  A gnoll sergeant (D:10)
  2 wights (D:9)
  A howler monkey (D:10)
  3 orc priests (D:10)
  A gnoll shaman (D:10)
  3 orc wizards
  2 hell rats (Lair:3)
  A gnoll (D:9)
  An orc (D:9)
38 creatures vanquished.

Vanquished Creatures (others)
  3 knights
  5 ancestors
  12 fungi
  12 plants
32 creatures vanquished.

Grand Total: 354 creatures vanquished

Notes
Turn   | Place    | Note
-------+----------+-------------------------------------------
     0 | D:1      | porpoise the Tengu Gladiator began the quest for the Orb.
     0 | D:1      | Reached XP level 1. HP: 12/12 MP: 2/2
   145 | D:1      | Reached XP level 2. HP: 15/18 MP: 3/3
   429 | D:1      | Found a faded altar of an unknown god.
  1217 | D:2      | Reached XP level 3. HP: 23/23 MP: 4/4
  1869 | D:2      | Reached XP level 4. HP: 26/28 MP: 5/5
  2633 | D:4      | Found a glowing golden altar of the Shining One.
  2991 | D:3      | Noticed a kobold brigand
  3005 | D:3      | Killed a kobold brigand
  3006 | D:3      | Gained mutation: Your magical nature lets you fly swiftly
                  | and evasively. [Tengu growth]
  3006 | D:3      | Reached XP level 5. HP: 8/34 MP: 6/6
  3965 | D:4      | Reached skill level 5 in Fighting
  3965 | D:4      | Reached XP level 6. HP: 40/40 MP: 7/7
  4136 | D:4      | Reached skill level 1 in Stealth
  4208 | D:4      | Reached skill level 5 in Polearms
  4335 | D:5      | Entered Level 5 of the Dungeon
  4474 | D:5      | Found a glowing silver altar of Zin.
  4604 | D:5      | Identified 2 scrolls of acquirement
  4604 | D:5      | Acquired a +7 demon trident of draining
  4607 | D:5      | Acquired a +0 cloak of poison resistance
  4755 | D:5      | Noticed DocClef's ghost (weakling GnDe)
  4774 | D:5      | Reached XP level 7. HP: 44/44 MP: 8/8
  4799 | D:5      | Found a runed translucent gate.
  4800 | D:5      | Found a runed translucent gate.
  4801 | D:5      | Found a runed translucent gate.
  5115 | D:6      | Noticed a steam dragon
  5135 | D:6      | Killed a steam dragon
  5408 | D:6      | Reached XP level 8. HP: 43/51 MP: 9/9
  5460 | D:6      | Found a staircase to the Ecumenical Temple.
  5487 | D:6      | Found Wiugriqu's Distillery.
  5508 | D:6      | Bought a potion of heal wounds for 75 gold pieces
  5526 | D:6      | Learned a level 2 spell: Blink
  5534 | Temple   | Entered the Ecumenical Temple
  5788 | D:6      | Reached skill level 1 in Slings
  6207 | D:7      | Noticed Duvessa
  6207 | D:7      | Noticed Dowan
  6224 | D:7      | Killed Duvessa
  6228 | D:7      | Killed Dowan
  6438 | D:7      | Reached skill level 1 in Bows
  6438 | D:7      | Reached skill level 1 in Armour
  6690 | D:7      | Reached XP level 9. HP: 40/57 MP: 10/10
  6963 | D:7      | Found a bloodstained altar of Trog.
  6963 | D:7      | Found a faded altar of an unknown god.
  6971 | D:7      | Found an ancient bone altar of Kikubaaqudgha.
  6973 | D:7      | Found a hazy altar of Hepliaklqana.
  6975 | D:7      | Found a faded altar of an unknown god.
  6989 | D:7      | Became a worshipper of Hepliaklqana the Forgotten
  7726 | D:8      | Found Jyihaeduxt's Antique Weapon Shoppe.
  7889 | D:8      | Reached skill level 5 in Bows
  7977 | D:8      | Found Kupoen's Book Boutique.
  7992 | D:8      | Identified the +6 whip of Ejaeses {vorpal, rC+ rCorr Str-5
                  | SInv}
  8022 | D:8      | Found a white marble altar of Elyvilon.
  8160 | D:8      | Bought a Young Poisoner's Handbook for 260 gold pieces
  8164 | D:8      | Learned a level 3 spell: Ignite Poison
  8169 | D:8      | Reached * piety under Hepliaklqana
  8361 | D:8      | Found a staircase to the Lair.
  8362 | D:8      | Noticed a komodo dragon
  8380 | D:8      | Killed a komodo dragon
  9143 | D:9      | Reached skill level 5 in Armour
  9171 | D:9      | Reached XP level 10. HP: 47/56 MP: 11/11
  9722 | D:10     | Entered Level 10 of the Dungeon
  9728 | D:10     | Identified the +5 great sword of the Seven Persimmons
                  | {venom, *Corrode rElec Str+3 Int+4}
  9824 | D:10     | Noticed a cyclops
  9831 | D:10     | Killed a cyclops
  9890 | D:9      | Reached skill level 10 in Bows
  9939 | D:10     | Found a runed translucent door.
  9954 | D:10     | Found a shimmering altar of Xom.
  9954 | D:10     | Noticed NateTC's ghost (journeyman MiFi)
  9955 | D:10     | Noticed a +1 war axe of chaos
  9990 | D:10     | Noticed a two-headed ogre
  9999 | D:10     | Killed a two-headed ogre
 10000 | D:10     | Reached skill level 5 in Dodging
 10019 | D:10     | Reached XP level 11. HP: 47/61 MP: 12/12
 10126 | D:10     | Noticed an orc sorcerer
 10139 | D:10     | Killed an orc sorcerer
 10219 | D:10     | Reached ** piety under Hepliaklqana
 10220 | D:10     | Remembered your ancestor Nikki as a knight
 10530 | D:10     | Reached skill level 10 in Fighting
 10683 | D:10     | Noticed a two-headed ogre
 10693 | D:10     | Killed a two-headed ogre
 11135 | D:10     | Reached XP level 12. HP: 72/72 MP: 13/13
 11544 | Lair:1   | Entered Level 1 of the Lair of Beasts
 11618 | Lair:1   | Learned a level 4 spell: Olgreb's Toxic Radiance
 11751 | Lair:1   | Noticed a six-headed hydra
 11765 | Lair:1   | Killed a six-headed hydra
 11896 | Lair:1   | Reached *** piety under Hepliaklqana
 12557 | Lair:2   | Found a staircase to the Shoals.
 12653 | Lair:2   | Noticed a six-headed hydra
 12716 | Lair:2   | Killed a six-headed hydra
 12717 | Lair:2   | Reached skill level 10 in Polearms
 13220 | Lair:3   | Noticed a death yak
 13227 | Lair:3   | Noticed a death yak
 13237 | Lair:3   | Reached skill level 1 in Spellcasting
 13240 | Lair:3   | Killed a death yak
 13247 | Lair:3   | Killed a death yak
 13673 | Lair:3   | Reached **** piety under Hepliaklqana
 13722 | Lair:3   | Found a runed translucent door.
 13781 | Lair:3   | Reached XP level 13. HP: 65/77 MP: 20/20
 14008 | Lair:3   | Noticed avis's ghost (journeyman DgHu)
 14168 | Lair:3   | Identified the +12 trident of Urioho Ulowa {drain, Drain
                  | rElec rCorr Stlth+}
 14168 | Lair:3   | Identified the +8 hand crossbow of Ovag {freeze, rElec}
 14275 | Lair:4   | You are sucked into a shaft and drop 2 floors!
 14275 | Lair:6   | Entered Level 6 of the Lair of Beasts
 14280 | Lair:6   | Reached skill level 5 in Spellcasting
 14283 | Lair:6   | Identified the +5 shortbow of Ocsouhes {flame, rElec rCorr}
 14294 | Lair:6   | Slain by a komodo dragon

Illustrated notes

Levels and vault maps discovered:
D:1:      psy_arrival_radial01, layout_basic, serial_forest,
          infiniplex_forest_end_1, infiniplex_forest_clump_curved,
          infiniplex_forest_corner_1, infiniplex_forest_pool,
          infiniplex_forest_clump_double, chequers_ecumenical_altar_simple_redux
D:2:      layout_loops_corners
D:3:      layout_basic, grunt_ministairs_12
D:4:      layout_loops_ring, mainiacjoe_overflow_tiny_flanked,
          kennysheep_generic_room_9
D:5:      layout_loops_ring, mainiacjoe_overflow_catwalk, gammafunk_ghost_icy
D:6:      layout_loops_ring, minmay_temple_entry_sparse_star, serial_shops,
          shop_coins
D:7:      layout_gridville, chequers_temple_overflow_minitemple, centaur_isle,
          uniq_duvessa
D:8:      layout_basic, nicolae_overflow_crystal_walls, david_lair_shrubbed,
          serial_shops, nicolae_stop_n_shop_2, nicolae_stop_n_shop_2
D:9:      layout_basic
D:10:     lemuel_castle_with_subvaults [lemuel_castle_interior_original],
          layout_irregular_city, ebering_ghost_xom, nicolae_underground_beach
Temple:   eino_temple_scatter_basement
Lair:1:   layout_regular_city
Lair:2:   layout_hall_layers, shoals_dummy_entry
Lair:3:   layout_small_grid, ebering_ghost_funeral_grove
Lair:4:   layout_gridlike, hellmonk_spider_entry_life_and_decay
Lair:6:   cheibrodos_lair_end_hotspot, layout_hall_layers,
          gauntlet_entry_generic

Skill      XL: |  1  2  3  4  5  6  7  8  9 10 11 12 13 |
---------------+----------------------------------------+-----
Fighting       | 3 4 5 6 7 11 12 | 12.0
Polearms       | 4 5 6 7 8 11 12 | 12.4
Stealth        | 2 3 |  3.8
Slings         | 4 |  4.4
Bows           | 3 7 10 | 10.0
Armour         | 2 5 7 |  7.0
Dodging        | 5 7 |  7.0
Spellcasting   | 4 5 |  5.0
Throwing       | |  2.0
Poison Magic   | |  0.7
Invocations    | |  0.6

Action                   |  1- 3 |  4- 6 |  7- 9 | 10-12 | 13-15 || total
-------------------------+-------+-------+-------+-------+-------++-------
Melee: Trident           |   109 |   120 |       |       |       ||   229
       Kick              |    11 |    16 |    25 |    66 |     6 ||   124
       Peck              |     9 |    11 |    15 |    36 |     1 ||    72
       Demon trident     |       |     6 |   157 |   297 |    24 ||   484
       Punch             |       |     1 |     1 |     2 |       ||     4
 Fire: Hunting sling     |       |    16 |     7 |       |       ||    23
       Shortbow          |       |       |    88 |   308 |    14 ||   410
Invok: Ancestor Identity |       |       |     1 |       |       ||     1
       Ancestor Life: Kn |       |       |       |     1 |       ||     1
       Recall Ancestor   |       |       |       |     2 |     1 ||     3
Evoke: Wand              |       |       |       |     1 |       ||     1
  Use: Scroll            |       |    11 |     5 |     9 |       ||    25
       Potion            |       |     1 |       |     2 |       ||     3
 Stab: Distracted        |       |       |       |     2 |       ||     2
       Sleeping          |       |       |       |     2 |       ||     2
Armor: Leather armour    |     7 |       |       |       |       ||     7
       Ring mail         |    20 |    29 |    19 |       |       ||    68
       Steam dragon scal |       |       |    10 |     3 |       ||    13
       Acid dragon scale |       |       |       |    58 |     3 ||    61
Dodge: Dodged            |    32 |    63 |   108 |   213 |     7 ||   423

Table legend: (Time is in decaauts)
 A = Elapsed time spent in this place.
 B = Non-inter-level travel time spent in this place.
 C = Inter-level travel time spent in this place.
 D = Time resting spent in this place.
 E = Time spent auto-exploring this place.
 F = Levels seen in this place.
 G = Mean time per level.
                   A        B        C        D        E       F      G
               +--------+--------+--------+--------+--------+-----+--------+
         Total |  13481 |  13023 |    458 |   2379 |   7875 |  16 |  842.6 |
       Dungeon |  10805 |  10429 |    376 |   2209 |   6037 |  10 | 1080.5 |
        Temple |    188 |    172 |     16 |      0 |    158 |   1 |  188.0 |
          Lair |   2486 |   2421 |     65 |    170 |   1678 |   5 |  497.2 |
               +--------+--------+--------+--------+--------+-----+--------+

Top non-repeatable levels by time:
    D:10: 1611 daAuts
     D:7: 1457 daAuts
     D:8: 1216 daAuts
     D:4: 1202 daAuts
     D:1: 1185 daAuts
     D:2: 979 daAuts
     D:3: 922 daAuts
  Lair:3: 910 daAuts
  Lair:1: 852 daAuts
     D:6: 803 daAuts
     D:9: 714 daAuts
     D:5: 711 daAuts
  Lair:2: 627 daAuts
  Temple: 188 daAuts
  Lair:4: 81 daAuts
